 Dungeon Crawl Stone Soup version 0.17.0-28-g6e173f8 (webtiles) character file.

84 Ithica the Shield-Bearer (level 4, -2/41 HPs)
             Began as a Minotaur Fighter on Nov 28, 2015.
             Killed by nerve-wracking pain
             ... invoked by Grinder
              (10 damage)
             ... on level 2 of the Dungeon.
             The game lasted 00:03:08 (2019 turns).

Ithica the Shield-Bearer (Minotaur Fighter)         Turns: 2019, Time: 00:03:09

Health: -2/41      AC:  7    Str: 21    XL:     4   Next: 23%
Magic:  3/3        EV:  8    Int:  5    God:
Gold:   103        SH:  9    Dex: 10    Spells: 0 memorised, 3 levels left

rFire  . . .     SeeInvis .     a - +0 trident
rCold  . . .     Clarity  .     b - +0 scale mail
rNeg   . . .     SustAt   .     c - +0 shield
rPois  .         Gourm    .     (helmet restricted)
rElec  .         Spirit   .     (no cloak)
rCorr  .         Warding  .     (no gloves)
rMut   .         Stasis   .     (no boots)
MR     .....                    (no amulet)
Stlth  ..........               (no ring)
                                (no ring)

@: not resistant to hostile enchantments, extremely unstealthy
A: retaliatory headbutt, horns 2
a: no special abilities


You were on level 2 of the Dungeon.
You were not hungry.

You visited 1 branch of the dungeon, and saw 3 of its levels.

You collected 103 gold pieces.

Inventory:

Hand Weapons
 a - a +0 trident (weapon)
Armour
 b - a +0 scale mail (worn)
 c - a +0 shield (worn)
Jewellery
 h - an uncursed amulet of resist corrosion {unknown}
 n - a +2 ring of dexterity {unknown}
 o - an uncursed ring of protection from fire {unknown}
Scrolls
 f - 4 scrolls of identify {unknown}
 g - a scroll of magic mapping {unknown}
 k - a scroll of recharging {unknown}
 l - a scroll of random uselessness {unknown}
 m - a scroll of enchant weapon {unknown}
 q - a scroll of remove curse {unknown}
Potions
 d - 2 potions of might
 p - a potion of invisibility {unknown}
 r - a potion of resistance {unknown}
Comestibles
 e - 2 bread rations
 i - a beef jerky
 j - a meat ration


   Skills:
 + Level 4.4 Fighting
 + Level 2.9 Polearms
 + Level 4.0 Armour
 + Level 1.3 Dodging
 + Level 0.1 Stealth
 + Level 4.6 Shields


You had 3 spell levels left.
You didn't know any spells.

Dungeon Overview and Level Annotations

Branches:
Dungeon (3/15)

Altars:
Sif Muna
Vehumet
The Shining One

Annotations:
D:2 Grinder


Innate Abilities, Weirdness & Mutations

You reflexively headbutt those who attack you in melee.
You have a pair of horns on your head.


Message History

You kill the jackal!
Grinder gestures at you.
You suddenly lose the ability to move!
Grinder gestures at you. Pain shoots through your body!
Grinder gestures at you. Pain shoots through your body!
Grinder hits you but does no damage. Grinder hits you.
You writhe in agony.
Grinder gestures.
Grinder blinks!
Grinder gestures.
Grinder blinks!
You can move again.
Grinder gestures at you. Pain shoots through your body!
* * * LOW HITPOINT WARNING * * *
Grinder gestures at you. Pain shoots through your body!
You die...

#.##...#_....'.'...._#...#
##....####...##.##...##...#
†..########8##≈.≈##8##....####
..........#####'#####........#
#.#########.# #.#............#
#.# #.###.#.##.........# #.#
##### #..##...##.........# #.#
#...# ##....######...##### ..#
#...# ###...@..5...### ###
#...# #..........#.# ..###...#
#..........#.#
...)....###........###.#
..##....##...####### #>#
........##.#.# #.#
..###......#.# ###.#
..#)...(..##.### #...#
#.....##.......# ##.###


You could see Grinder.

Vanquished Creatures
  2 adders (D:2)
  2 oozes
  4 worms
  A giant gecko (D:1)
  3 ball pythons
  A giant cockroach (D:1)
  4 goblins
  5 hobgoblins
  4 jackals (D:2)
  8 kobolds
  4 bats
  2 giant newts (D:1)
  8 rats
48 creatures vanquished.

Notes
Turn   | Place    | Note
--------------------------------------------------------------
     0 | D:1      | Ithica the Minotaur Fighter began the quest for the Orb.
     0 | D:1      | Reached XP level 1. HP: 19/19 MP: 0/0
   254 | D:1      | Reached XP level 2. HP: 27/27 MP: 1/1
   295 | D:1      | Reached skill level 4 in Shields
   682 | D:1      | Found a glowing golden altar of the Shining One.
   939 | D:2      | Reached XP level 3. HP: 24/33 MP: 2/2
  1484 | D:2      | Reached skill level 1 in Dodging
  1523 | D:2      | Found a radiant altar of Vehumet.
  1530 | D:2      | Found a deep blue altar of Sif Muna.
  1579 | D:2      | Reached XP level 4. HP: 41/41 MP: 3/3
  1718 | D:3      | Noticed Grinder
  2003 | D:2      | Paralysed by Grinder for 7 turns
  2019 | D:2      | Killed from afar by Grinder

Action                   |  1- 3 |  4- 6 || total
-------------------------+-------+-------++-------
Melee: Trident           |   124 |    21 ||   145
  Eat: Meat ration       |     1 |       ||     1
